 Dungeon Crawl Stone Soup version 0.30-a0-339-g89bb51ec76 (webtiles) character file.

Game seed: 9817300201536746559

156 ytrimaz the Trooper (level 5, -1/44 HPs)
             Began as a Formicid Fighter on Oct 31, 2022.
             Slain by a gnoll
             ... wielding a +0 halberd
              (9 damage)
             ... on level 4 of the Dungeon.
             The game lasted 00:02:39 (2698 turns).

ytrimaz the Trooper (Formicid Fighter)              Turns: 2698, Time: 00:02:40

Health: -1/44      AC: 12    Str: 22    XL:     5   Next: 64%
Magic:  14/14      EV:  9    Int:  8    God:
Gold:   276        SH:  5    Dex: 13    Spells: 4/4 levels left

rFire   . . .      SeeInvis +    a - +1 war axe
rCold   . . .      Faith    .    c - +0 buckler
rNeg    . . .      Spirit   .    b - +0 scale mail
rPois   .          Reflect  .    (helmet unavailable)
rElec   .          Harm     .    q - +0 cloak
rCorr   .          Rampage  .    (no gloves)
Will    .....                    (no boots)
Stlth   ..........               (no amulet)
HPRegen 0.27/turn                h - ring of magical power
MPRegen 0.14/turn                i - +4 ring of protection

@: mighty
A: permanent stasis, dig shafts and tunnels, antennae 3, four strong arms
a: Dig, Shaft Self


You were on level 4 of the Dungeon.
You visited 1 branch of the dungeon, and saw 4 of its levels.

You collected 276 gold pieces.


Innate Abilities, Weirdness & Mutations

You cannot be hasted, slowed, berserked, paralysed or teleported.
You can dig through walls and to a lower floor.
You have a pair of large antennae on your head. (SInv)
Your four strong arms can wield two-handed weapons with a shield.


   Skills:
 + Level 5.1 Fighting
 + Level 4.0 Axes
 - Level 3.2 Armour
 - Level 4.0 Shields


You had 4 spell levels left.
You didn't know any spells.
Your spell library contained the following spells:

 Spells                   Type           Power      Damage    Failure   Level
 Sublimation of Blood     Necr           0%         N/A       91%         2
 Wereblood                Tmut           0%         N/A       91%         2
 Ignite Poison            Fire/Tmut/Pois 0%         N/A       99%         3
 Kindle Blastsparks       Fire/Tloc/Air  0%         2d10      99%         3
 Petrify                  Tmut/Erth      0%         N/A       100%        4
 Freezing Cloud           Conj/Ice/Air   0%         6-21      100%        5
 Irradiate                Conj/Tmut      0%         3d11      100%        5
 Summon Hydra             Summ           0%         N/A       100%        7

Inventory:

Hand Weapons
 a - a +1 war axe (weapon)
Armour
 b - a +0 scale mail (worn)
 c - a +0 buckler (worn)
 q - a +0 cloak (worn)
   (You found it on level 2 of the Dungeon)
Jewellery
 h - a ring of magical power (left hand)
   (You found it on level 1 of the Dungeon)
 i - a +4 ring of protection (right hand)
   (You found it on level 3 of the Dungeon)
 k - an amulet of faith
   (You found it on level 2 of the Dungeon)
 n - a ring of ice
   (You found it on level 2 of the Dungeon)
Scrolls
 f - a scroll of fear
 g - 3 scrolls of noise
 o - a scroll of silence {unknown}
Potions
 e - a potion of curing
 j - 2 potions of heal wounds {unknown}
 l - a potion of flight {unknown}
 m - a potion of lignification {unknown}
 p - a potion of resistance {unknown}
 r - 2 potions of ambrosia

Dungeon Overview and Level Annotations

Branches:
Dungeon (4/15) Zot: 21236
 Temple: D:4-7

Altars:

Annotations:
D:3 2 transporters, Muataran's ghost, amateur HOMo

#.# ##.## #...#
... ...
#######.#####.#
........gg.....
#@# #)#
##.#####
#......#
#..###.# #..#
#.# ## #######
#..###.###....
#.....#
#..#..........
#..##.#
#......###.###


You could see 2 gnolls.


Message History

The slug dart hits you but does no damage.
You block the dart slug's attack.
You hit the dart slug. The dart slug launches a dart at you.
The slug dart hits you but does no damage.
Unknown command.
The dart slug bites you but does no damage.
You slash the dart slug!
You kill the dart slug!
Unknown command.
No target in view!
Unknown command.
No target in view!
You sense a monster nearby.
An adder comes into view.
The adder hisses angrily.
An adder is nearby!
You block the adder's attack.
You slash the adder!
You kill the adder!
Your Fighting skill increases to level 5! 😎 HP[+1]
You now have 44 max hp (+1).
Your hp is fully restored (44).
You see here an adder corpse.
You see here a +0 short sword.
A gnoll comes into view. It is wielding a +0 whip.
The gnoll moves out of view.
A gnoll is nearby!
You hit the gnoll but do no damage. You block the gnoll's attack.
You closely miss the gnoll. You block the gnoll's attack.
The gnoll hits you with a +0 whip. 😕 HP[-3]
You take 3 damage, and now have 41/44 hp.
You hit the gnoll.
The gnoll hits you but does no damage. 😕 HP[+1] Unknown command.
You hit the gnoll. The gnoll closely misses you.
You hit the gnoll. The gnoll hits you with a +0 whip.
The gnoll hits you but does no damage. 😕 HP[-5]
You take 5 damage, and now have 37/44 hp.
Unknown command.
You closely miss the gnoll.
The gnoll completely misses you. 😕 HP[+1]
You slash the gnoll!
You kill the gnoll!
Your Axes skill increases to level 4!
You see here a +0 whip.
No target in view!
Unknown command. 3 gnolls come into view.
The gnoll shouts! 😕 HP[+1]
You barely miss the gnoll. The gnoll hits you but does no damage.
The gnoll barely misses you.
The gnoll hits you from afar with a +0 halberd. 😕 HP[-2]
You take 2 damage, and now have 37/44 hp.
Unknown command.
You hit the gnoll. The gnoll barely misses you.
The gnoll hits you from afar with a +0 halberd. 😮 HP[-5]
You take 5 damage, and now have 32/44 hp.
You hit the gnoll. The gnoll barely misses you.
The gnoll hits you from afar with a +0 halberd.
Unknown command. 😮 HP[-4]
You take 4 damage, and now have 28/44 hp.
You are too injured to fight recklessly!
You hit the gnoll. You block the gnoll's attack. The gnoll barely misses you.
The gnoll hits you but does no damage. You block the gnoll's attack.
Unknown command.
You are too injured to fight recklessly!
You barely miss the gnoll. The gnoll hits you with a +0 whip.
The gnoll hits you from afar with a +0 halberd!
* * * LOW HITPOINT WARNING * * *
😨 HP[-13]
You take 13 damage, and now have 15/44 hp.
MASSIVE DAMAGE!! (PAUSE)
You closely miss the gnoll. The gnoll barely misses you.
You block the gnoll's attack. 😨 HP[+1] Unknown command.
You see here a +0 whip.
You feel very mighty all of a sudden. The gnoll barely misses you.
You block the gnoll's attack.
You closely miss the gnoll.
The gnoll hits you but does no damage. x2
You block the gnoll's attack.
The gnoll barely misses you. 😨 HP[+1] Unknown command.
You slash the gnoll!
You kill the gnoll!
The gnoll hits you from afar with a +0 halberd!
* * * LOW HITPOINT WARNING * * *
😱 HP[-9]
You take 9 damage, and now have 8/44 hp.
MASSIVE DAMAGE!! (PAUSE) Unknown command.
The gnoll hits you with a +0 halberd!
You die...

Skill      XL: |  1  2  3  4  5 |
---------------+----------------+-----
Fighting       | 4 5 |  5.1
Axes           | 3 4 |  4.0
Armour         | |  3.2
Shields        | |  4.0

Action                   |  1- 3 |  4- 6 || total
-------------------------+-------+-------++-------
Melee: War axe           |    98 |    77 ||   175
  Use: Scroll            |     5 |     5 ||    10
       Potion            |       |     1 ||     1
Armor: Scale mail        |    54 |    38 ||    92
Dodge: Dodged            |    44 |    43 ||    87
Block: Buckler           |    35 |    21 ||    56

Levels and vault maps discovered:
D:1:      dpeg_arrival_oval, layout_basic, nicolae_ecumenical_snake_handling,
          minmay_pentomino_q2
D:2:      layout_basic
D:3:      layout_basic, gammafunk_ghost_smash, uniq_robin
D:4:      layout_loops_corners

Notes
Turn   | Place    | Note
-------+----------+-------------------------------------------
     0 | D:1      | ytrimaz the Formicid Fighter began the quest for the Orb.
     0 | D:1      | Reached XP level 1. HP: 18/18 MP: 1/1
     0 | D:1      | magus.rc [v1.9.6]
    77 | D:1      | You pick up a book of Blood and begin reading...
    77 | D:1      | You add the spells Sublimation of Blood, Wereblood and
                  | Summon Hydra to your library.
   105 | D:1      | Reached XP level 2. HP: 23/24 MP: 2/2
   449 | D:1      | Reached XP level 3. HP: 29/30 MP: 3/3
   459 | D:1      | Found a faded altar of an unknown god.
   460 | D:1      | You add the spells Kindle Blastsparks, Ignite Poison and
                  | Freezing Cloud to your library.
   500 | D:1      | Reached skill level 4 in Fighting
   978 | D:2      | Reached skill level 3 in Axes
  1211 | D:2      | Reached XP level 4. HP: 36/37 MP: 4/4
  1422 | D:2      | You pick up a book of Alchemy and begin reading...
  1422 | D:2      | You add the spells Petrify and Irradiate to your library.
  1814 | D:3      | Noticed Muataran's ghost (amateur HOMo)
  1814 | D:3      | Found a transporter.
  1815 | D:3      | Found a transporter.
  1815 | D:3      | Noticed an ogre
  1820 | D:3      | Identified the +10 giant club of Corruption {venom, rElec
                  | rPois rC- rCorr}
  1820 | D:3      | Noticed an ogre
  1839 | D:3      | Noticed Robin
  1847 | D:3      | Killed Robin
  2006 | D:3      | Reached XP level 5. HP: 39/43 MP: 5/5
  2664 | D:4      | Reached skill level 5 in Fighting
  2686 | D:4      | Reached skill level 4 in Axes
  2697 | D:4      | HP: 8/44 [gnoll/+0 halberd (9)]
  2698 | D:4      | Slain by a gnoll

Vanquished Creatures
  Robin (D:3)
  2 gnolls (D:4)
  4 adders
  A worm (D:3)
  3 dart slugs
  7 bats
  8 endoplasms
  2 giant cockroaches
  17 goblins
  11 hobgoblins
  2 quokkas
  7 ball pythons
  4 frilled lizards
  2 kobolds (D:1)
  5 rats
76 creatures vanquished.

Table legend:
 A = Non-vault XP
 B = Vault XP
 C = Vault XP percentage of total XP
 D = Non-vault monster count
 E = Vault monster count
 F = Vault count percentage of total count
                 A         B        C        D         E       F
            +---------+---------+-------+---------+---------+-------
      Total |     183 |      40 |  17.9 |      61 |      15 |  19.7
            +---------+---------+-------+---------+---------+-------
        D:1 |      41 |       6 |  12.8 |      26 |       4 |  13.3
        D:2 |      38 |       0 |   0.0 |      14 |       0 |   0.0
        D:3 |      39 |      34 |  46.6 |      13 |      11 |  45.8
        D:4 |      65 |       0 |   0.0 |       8 |       0 |   0.0
            +---------+---------+-------+---------+---------+-------

Illustrated notes

Table legend:
 A = Kills in this place as a percentage of kills in entire the game.
 B = Kills by you in this place as a percentage of kills by you in the entire game.
 C = Kills by friends in this place as a percentage of kills by friends in the entire game.
 D = Other kills in this place as a percentage of other kills in the entire game.
 E = Experience gained in this place as a percentage of experience gained in the entire game.
 F = Experience gained in this place divided by the number of levels of this place that you have seen.
                   A       B       C       D       E      F
               +-------+-------+-------+-------+-------+----------------------
         Total | 100.0 | 100.0 |   N/A |   N/A | 100.0 |  55.8
       Dungeon | 100.0 | 100.0 |   N/A |   N/A | 100.0 |  55.8
               +-------+-------+-------+-------+-------+----------------------

Table legend: (Time is in decaauts)
 A = Elapsed time spent in this place.
 B = Non-inter-level travel time spent in this place.
 C = Inter-level travel time spent in this place.
 D = Time resting spent in this place.
 E = Time spent auto-exploring this place.
 F = Levels seen in this place.
 G = Mean time per level.
                   A        B        C        D        E       F      G
               +--------+--------+--------+--------+--------+-----+--------+
         Total |   2763 |   2681 |     82 |     94 |   2009 |   4 |  690.8 |
       Dungeon |   2763 |   2681 |     82 |     94 |   2009 |   4 |  690.8 |
               +--------+--------+--------+--------+--------+-----+--------+

Top non-repeatable levels by time:
     D:1: 973 daAuts
     D:2: 883 daAuts
     D:3: 595 daAuts
     D:4: 310 daAuts
